AoeStats
← crsstphrwekasldks

Arena

506950196Analyzed
4v4 RM · 15d ago on Sep 15, 2026· 42m 7s· 8 players
Game mode
Random Map
Map size
Large (8 player)
Population
200
Speed
Normal
Resources
Standard
Victory
Conquest
Starting age
Dark Age
Ending age
Imperial Age
RankedLock teamsTeams togetherTeam positionsShared explorationLock speedFull tech treeHidden civsTurbo modeCheats
Victory
Defeat
🇺🇸 Italians · United States
1089
+15
🇺🇸 Celts · United States
1068
+16
🇺🇸 Franks · United States
1068
+16
🇲🇽 Hindustanis · Mexico
1060
+16
🇺🇸 Italians · United States
1151
-19
🇨🇳 Franks · China
1041
-15
🇪🇸 Britons · Spain
1040
-44
🇨🇦 Khmer · Canada
1035
-14
El viejo7335
2:40 Loom
12:00 Feudal Age
18:16 Castle Age
17:54 Double-Bit Axe
17:51 Horse Collar
19:01 Heavy Plow
21:07 Stone Mining
23:32 Bow Saw
23:47 Gold Mining
29:52 Stone Shaft Mining
30:33 Gold Shaft Mining
33:53 Imperial Age
32:19 Town Watch
32:58 Ballistics
32:34 Murder Holes
32:43 Grand Trunk Road
34:29 Wheelbarrow
34:00 Padded Archer Armor
34:10 Forging
34:06 Scale Barding Armor
34:35 Husbandry
34:45 Bloodlines
34:39 Heavy Camel Rider
36:44 Hand Cart
36:30 Town Patrol
36:57 Scale Mail Armor
37:13 Leather Archer Armor
37:11 Elite Ghulam
39:42 Chemistry
38:55 Masonry
38:42 Imperial Camel Rider
42:19 Iron Casting
42:05 Chain Barding Armor
aegilello
3:00 Loom
11:28 Feudal Age
16:57 Castle Age
16:23 Scale Barding Armor
18:33 Wheelbarrow
30:49 Gold Mining
30:51 Double-Bit Axe
34:38 Imperial Age
34:09 Hand Cart
33:41 Town Watch
36:11 Cavalier
36:51 Husbandry
39:08 Forging
39:19 Chain Barding Armor
39:48 Stone Mining
40:38 Gold Shaft Mining
40:18 Bow Saw
41:17 Paladin
MAMBA MULLET
8:48 Loom
11:38 Feudal Age
15:37 Castle Age
14:05 Double-Bit Axe
14:33 Horse Collar
19:16 Wheelbarrow
20:47 Gold Mining
22:38 Bow Saw
22:46 Heavy Plow
25:34 Scale Mail Armor
27:09 Chain Mail Armor
27:05 Forging
31:22 Imperial Age
32:20 Hand Cart
33:29 Gold Shaft Mining
32:18 Pikeman
32:44 Arson
33:47 Capped Ram
33:54 Halberdier
35:09 Plate Mail Armor
35:14 Iron Casting
34:29 Siege Ram
37:34 Conscription
37:41 Furor Celtica
42:04 Blast Furnace
redheadedkiller
0:31 Loom
2:03 Loom
2:29 Loom
12:00 Feudal Age
16:32 Castle Age
14:50 Horse Collar
14:58 Double-Bit Axe
19:05 Padded Archer Armor
18:58 Fletching
21:07 Wheelbarrow
22:18 Leather Archer Armor
23:39 Bodkin Arrow
25:22 Bow Saw
25:19 Heavy Plow
26:31 Ballistics
30:16 Imperial Age
30:16 Elite Genoese Crossbowman
31:28 Conscription
31:17 Bracer
32:00 Ring Archer Armor
32:59 Chemistry
37:20 Hand Cart
ABRAXAS
10:40 Feudal Age
14:35 Castle Age
12:32 Double-Bit Axe
12:31 Horse Collar
14:23 Loom
15:46 Bow Saw
16:43 Heavy Plow
20:36 Wheelbarrow
crsstphrwekasldks
8:13 Loom
10:10 Feudal Age
11:24 Horse Collar
14:49 Castle Age
13:27 Double-Bit Axe
16:01 Bow Saw
26:45 Gold Mining
26:48 Stone Mining
27:12 Bloodlines
27:03 Husbandry
31:13 Imperial Age
29:19 Wheelbarrow
31:56 Hand Cart
32:29 Scale Barding Armor
32:34 Forging
32:16 Elite Battle Elephant
34:01 Chain Barding Armor
35:49 Plate Barding Armor
35:50 Iron Casting
37:59 Tusk Swords
Acnologia
10:52 Feudal Age
12:10 Wheelbarrow
11:27 Double-Bit Axe
11:25 Horse Collar
22:05 Castle Age
23:43 Hand Cart
23:41 Elite Skirmisher
23:56 Pikeman
27:33 Padded Archer Armor
27:23 Fletching
king vitt
0:28 Loom
11:05 Feudal Age
12:26 Wheelbarrow
11:40 Double-Bit Axe
19:33 Castle Age
17:51 Gold Mining
20:47 Hand Cart
21:28 Bow Saw
24:48 Scale Barding Armor
24:56 Forging
26:09 Husbandry
27:00 Gold Shaft Mining
27:10 Chain Barding Armor
30:16 Iron Casting
34:55 Imperial Age
35:22 Cavalier
37:09 Blast Furnace
36:44 Plate Barding Armor
36:49 Fortified Wall
38:22 Conscription
37:28 Paladin
Connection lost

Rejoining the realm…

Still unreachable

The connection could not be restored.

Session expired

The server has moved on; the page needs a fresh start.